 Dungeon Crawl Stone Soup version 0.27.1-3-gb3d3a73c9e (webtiles) character file.

Game seed: 13411821070906136478

30 jfcaron the Ruffian (level 3, -1/36 HPs)
             Began as a Troll Delver on Oct 15, 2021.
             Slain by Edmund (10 damage)
             ... on level 4 of the Dungeon.
             The game lasted 00:01:24 (89 turns).

jfcaron the Ruffian (Troll Delver)                    Turns: 89, Time: 00:01:25

Health: -1/36      AC:  4    Str: 21    XL:     3   Next: 3%
Magic:  2/2        EV:  9    Int:  6    God:
Gold:   0          SH:  0    Dex: 11    Spells: 2/2 levels left

rFire    . . .     SeeInvis .     - Unarmed
rCold    . . .     Faith    .   (no shield)
rNeg     . . .     Spirit   .   a - +0 robe
rPois    .         Reflect  .   (helmet restricted)
rElec    .         Harm     .   (no cloak)
rCorr    .         Rampage  .   (gloves unavailable)
Will     .....                  (boots unavailable)
Stlth    ++........             (no amulet)
HPRegen  1.12/turn              (no ring)
MPRegen  0.08/turn              (no ring)

@: hasted, very quick
A: large, unfitting armour, claws 3, regeneration 1, shaggy fur 1, tough skin 1
a: no special abilities


You were on level 4 of the Dungeon.
You visited 1 branch of the dungeon, and saw 2 of its levels.

Inventory:

Armour
 a - a +0 robe (worn)
Wands
 f - a wand of digging (3)
Scrolls
 b - a scroll of fog
 c - a scroll of magic mapping
 d - a scroll of fear
 g - a scroll of immolation {unknown}


   Skills:
 - Level 2.4 Fighting
 - Level 1.5 Dodging
 - Level 2.7 Stealth
 + Level 3.5 Unarmed Combat


You had 2 spell levels left.
You didn't know any spells.
Your spell library was empty.

Dungeon Overview and Level Annotations

Branches:
Dungeon (5/15)
 Temple: D:4-7

Altars:

Annotations:
D:4 Edmund


Innate Abilities, Weirdness & Mutations

You are too large for most types of armour.
You have claws for hands.
Your natural rate of healing is unusually fast.
You are covered in fur. (AC +1)
You have tough skin. (AC +1)


Message History

Found a scroll labelled PATUCY HAYTOSS and a bubbling sapphire potion.
There is a stone staircase leading down here.
Edmund the Younger comes into view.
He is wielding a +2 dire flail of holy wrath.
You see here a scroll labelled PATUCY HAYTOSS.
g - a scroll labelled PATUCY HAYTOSS You feel yourself speed up.
Edmund barely misses you.
You scratch Edmund.
Edmund is lightly wounded.
You completely miss Edmund.
Edmund is lightly wounded.
Edmund gestures with his flail.
Edmund hits you but does no damage.
You scratch Edmund but do no damage.
Edmund is lightly wounded.
Edmund hits you with a +2 dire flail of holy wrath!
You claw Edmund!
Edmund is moderately wounded.
You scratch Edmund but do no damage.
Edmund is moderately wounded.
Edmund barely misses you.
You scratch Edmund.
Edmund is moderately wounded.
You scratch Edmund. Your claw misses Edmund.
Edmund is moderately wounded.
Edmund hits you with a +2 dire flail of holy wrath!
You scratch Edmund.
Edmund is heavily wounded.
Edmund hits you with a +2 dire flail of holy wrath!
* * * LOW HITPOINT WARNING * * *
You scratch Edmund.
Edmund is severely wounded.
You scratch Edmund but do no damage.
Edmund is severely wounded.
Edmund barely misses you.
You scratch Edmund but do no damage.
Edmund is severely wounded.
You claw Edmund!
Edmund is severely wounded.
Edmund hits you with a +2 dire flail of holy wrath!
You die...

##.###########
......@@..>..#
##..#####.##......
#.# ...Z. #.# ##..
#!# . #.# #.. ..#


You could see Edmund.

Vanquished Creatures
  A bullfrog zombie (D:5)
1 creature vanquished.

Notes
Turn   | Place    | Note
-------+----------+-------------------------------------------
     0 | D:5      | jfcaron the Troll Delver began the quest for the Orb.
     0 | D:5      | Reached XP level 1. HP: 22/22 MP: 0/0
     0 | D:5      | Noticed a lemure
     0 | D:5      | Noticed a lemure
    27 | D:5      | Reached skill level 3 in Unarmed Combat
    27 | D:5      | Reached XP level 2. HP: 15/29 MP: 1/1
    27 | D:5      | Reached XP level 3. HP: 18/36 MP: 2/2
    56 | D:5      | Noticed a scorpion
    73 | D:4      | Noticed Edmund
    85 | D:4      | HP: 6/36 [Edmund (7)]
    89 | D:4      | Slain by Edmund

Illustrated notes

Levels and vault maps discovered:
D:4:      layout_basic, nicolae_wu_jian_wuxing_cycle,
          minmay_misc_feat_four_crosses, uniq_edmund
D:5:      layout_loops_ring, minmay_temple_entry_glassed_door, uniq_pikel

Skill      XL: |  1 |
---------------+----+-----
Unarmed Combat | 3 |  3.5
Fighting       | |  2.4
Dodging        | |  1.5
Stealth        | |  2.7

Action                   || total
-------------------------++-------
Melee: Unarmed           ||    25
  Use: Potion            ||     1
Armor: Robe              ||     6
Dodge: Dodged            ||     7
